Map: 2000 Atmospheres LE

Players

A.I. 1 (Very Easy) - Winner!

  • Race: Protoss Protoss

trigger

  • Race: Protoss Protoss
  • League: Grandmaster

VOD

Have the link to the VOD?

Description

economic 2 gate oracle opener PvP requested by alezha

Time

  • Played on: March 10, 2022, 2:07 p.m.
  • Length: 7:58
Show
View Real Time Build Order
Export as new Build Order

A.I. 1 (Very Easy) Protoss - Winner!

Build Orders:  

Get SALT Encoding   

  12  0:00  Probe  
  13  0:13  Probe  
  14  0:19  Pylon  
  14  0:36  Assimilator  
  14  0:43  Gateway  
  14  0:46  Pylon  
  14  1:15  Assimilator  
  14  1:16  Probe  
  14  1:24  Probe  
  15  1:32  Probe, Cybernetics Core  
  17  1:43  Probe  
  18  1:55  Probe  
  18  1:59  Warp Gate  
  19  2:03  Probe  
  20  2:10  Stalker  
  22  3:53  Probe  
  22  4:12  Stalker  
  22  4:14  Probe, Pylon  
  11  4:27  Probe  
  10  4:39  Probe  
  10  4:40  Zealot  
  13  4:51  Probe  
  14  5:03  Probe  
  15  5:09  Stalker  
  15  5:12  Probe  
  17  5:20  Probe  
  19  5:29  Probe  
  19  5:34  Robotics Facility  
  20  5:37  Stalker  
  20  5:41  Probe  
  23  5:53  Probe  
  24  6:05  Probe  
  25  6:15  Probe  
  24  6:22  Observer  
  24  6:23  Probe  
  21  6:32  Probe  
  22  6:33  Zealot  
  25  6:43  Observer  
  25  6:44  Probe  
  27  6:56  Probe  
  29  7:08  Probe  
  29  7:18  Probe  
  30  7:26  Probe, Pylon  
  30  7:29  Zealot  
Show
View Real Time Build Order
Export as new Build Order

trigger Protoss 

Build Orders: Oracle Opening, Zealot Archon 

Get SALT Encoding   

  12  0:00  Probe  
  13  0:12  Probe  
  14  0:16  Pylon  
  14  0:24  Probe (Chrono Boost)  
  15  0:36  Probe (Chrono Boost)  
  15  0:37  Gateway  
  16  0:44  Probe (Chrono Boost)  
  16  0:46  Assimilator  
  17  0:50  Probe  
  17  0:54  Assimilator  
  18  1:03  Probe  
  19  1:07  Gateway  
  19  1:15  Probe (Chrono Boost)  
  20  1:24  Cybernetics Core  
  21  1:26  Probe (Chrono Boost)  
  21  1:29  Pylon  
  21  1:31  Probe (Chrono Boost)  
  22  1:42  Probe  
  23  1:54  Probe  
  23  2:00  Stalker x2  
  23  2:01  Warp Gate  
  28  2:07  Pylon  
  28  2:09  Probe  
  29  2:26  Pylon  
  29  2:33  Stargate  
  29  2:44  Nexus  
  29  2:57  Stalker  
  31  2:58  Stalker  
  31  3:03  Probe  
  34  3:13  Shield Battery  
  34  3:14  Oracle (Chrono Boost)  
  37  3:20  Probe  
  37  3:26  Pylon  
  38  3:33  Probe  
  39  3:42  Oracle (Chrono Boost)  
  39  3:46  Probe (Chrono Boost)  
  43  3:56  Probe (Chrono Boost)  
  45  4:03  Probe (Chrono Boost)  
  45  4:04  Twilight Council  
  45  4:05  Probe (Chrono Boost)  
  47  4:10  Probe (Chrono Boost)  
  47  4:11  Probe (Chrono Boost)  
  48  4:22  Probe (Chrono Boost)  
  50  4:27  Probe (Chrono Boost)  
  50  4:29  Probe (Chrono Boost)  
  51  4:34  Probe, Nexus  
  51  4:36  Probe, Pylon  
  53  4:40  Blink (Chrono Boost)  
  53  4:46  Probe  
  53  4:50  Robotics Facility  
  54  4:53  Probe  
  54  4:57  Forge  
  55  5:02  Probe  
  55  5:04  Assimilator  
  56  5:08  Stalker  
  56  5:09  Stalker  
  56  5:10  Probe  
  61  5:17  Shield Battery  
  61  5:19  Probe  
  62  5:21  Pylon  
  62  5:24  Probe  
  63  5:29  Protoss Ground Weapons Level 1  
  63  5:31  Probe  
  63  5:34  Gateway  
  64  5:35  Gateway  
  64  5:38  Observer (Chrono Boost)  
  64  5:42  Probe (Chrono Boost)  
  66  5:46  Probe (Chrono Boost)  
  66  5:47  Probe (Chrono Boost)  
  68  5:53  Sentry  
  68  5:55  Probe (Chrono Boost)  
  68  5:56  Probe (Chrono Boost)  
  73  5:58  Probe (Chrono Boost)  
  73  6:00  Probe (Chrono Boost)  
  73  6:03  Probe  
  73  6:04  Gateway  
  75  6:06  Gateway  
  75  6:07  Immortal (Chrono Boost)  
  75  6:08  Probe  
  80  6:12  Probe  
  80  6:15  Probe  
  82  6:20  Probe  
  82  6:23  Gateway  
  82  6:24  Probe  
  84  6:26  Charge (Chrono Boost)  
  84  6:27  Gateway  
  84  6:36  Pylon  
  84  6:38  Warp Prism (Chrono Boost)  
  84  6:44  Templar Archives  
  84  6:46  Zealot x3  
  92  6:47  Pylon  
  92  6:55  Pylon  
  92  6:58  Zealot x2  
  96  7:06  Nexus  
  96  7:07  Pylon  
  96  7:11  Zealot x4  
  104  7:20  Pylon  
  104  7:21  Pylon  
  104  7:24  Zealot, High Templar x2  
  104  7:25  Zealot  
  104  7:29  Archon  
  112  7:31  Zealot x4  
  112  7:34  Probe x2  
  112  7:35  Probe  
  123  7:39  Assimilator  
  123  7:44  Pylon  
  123  7:45  Zealot x2  
  128  7:55  Zealot x3  
Tags
 
Add a new tag
Caveats
  • Supply blocks, unpowered buildings, or Contaminate may cause inaccurate times.
  • Supply counts are checked every 10 seconds.